 Dungeon Crawl Stone Soup version 0.24-a0-381-g637bb38 (webtiles) character file.

Game seed: 8794128745653337005

1361 CanOfBees the Slasher (level 8, -14/51 HPs)
             Began as a Tengu Berserker on June 3, 2019.
             Was an Elder of Trog.
             Demolished by a two-headed ogre
             ... wielding a +0 giant club
              (24 damage)
             ... on level 5 of the Dungeon.
             The game lasted 00:09:13 (5676 turns).

CanOfBees the Slasher (Tengu Berserker)             Turns: 5676, Time: 00:09:13

Health: -14/51     AC:  7    Str: 18    XL:     8   Next: 64%
Magic:  9/9        EV: 16    Int:  8    God:    Trog [****..]
Gold:   130        SH:  0    Dex: 15    Spells: 7/7 levels left

rFire    + . .     SeeInvis .   a - +0 falchion
rCold    . . .     Gourm    .   (no shield)
rNeg     . . .     Faith    .   o - +0 scale mail
rPois    .         Spirit   .   (helmet restricted)
rElec    .         Reflect  .   (no cloak)
rCorr    .         Harm     .   y - +0 pair of gloves
MR       .....                  (boots unavailable)
Stlth    ..........             (no amulet)
HPRegen  0.17/turn              q - ring of protection from fire
MPRegen  0.11/turn              (no ring)

@: flying quickly and evasively, quick
A: beak, talons 3, able to fly
a: Stop Flying, Berserk, Trog's Hand, Brothers in Arms, Renounce Religion


You were on level 5 of the Dungeon.
You worshipped Trog.
Trog was greatly pleased with you.
You were not hungry.

You visited 1 branch of the dungeon, and saw 5 of its levels.
You also visited: Sewer.

You collected 130 gold pieces.

Inventory:

Hand Weapons
 a - a +0 falchion (weapon)
 w - a +5 whip
 J - a +0 dagger of venom
Missiles
 f - 164 stones (quivered)
 j - 44 sling bullets
 k - 62 arrows
 z - 5 silver javelins
 E - 4 boomerangs
 I - 21 bolts
Armour
 b - a +0 animal skin
 g - a +0 ring mail
 o - a +0 scale mail (worn)
 y - a +0 pair of gloves (worn)
Jewellery
 q - a ring of protection from fire (left hand)
 M - an uncursed ring of ice {unknown}
Wands
 u - a wand of flame (18)
Scrolls
 h - 4 scrolls of remove curse
 i - a scroll of identify
 l - 3 scrolls of fear
 p - a scroll of enchant weapon {unknown}
 r - 2 scrolls of immolation
 s - 3 scrolls of teleportation {unknown}
 v - a scroll of noise {unknown}
 F - a scroll of amnesia {unknown}
 H - a scroll of fog {unknown}
Potions
 d - a potion of resistance {unknown}
 e - 5 potions of heal wounds
 m - a potion of degeneration {unknown}
 t - 7 potions of curing
 x - a potion of mutation {unknown}
 A - 2 potions of agility
 B - 3 potions of might
 C - a potion of brilliance {unknown}
 D - 2 potions of flight {unknown}
 G - a potion of lignification {unknown}
 L - a potion of haste
Comestibles
 c - 16 rations
 K - 2 chunks of flesh


   Skills:
 + Level 6.2 Fighting
 + Level 6.8 Long Blades
 + Level 3.2 Throwing
 - Level 3.0 Armour
 + Level 6.3 Dodging


You had 7 spell levels left.
You didn't know any spells.
Your spell library was empty.

Dungeon Overview and Level Annotations

Branches:
Dungeon (5/15)             Temple (0/1) D:5

Altars:
Dithmenos
Trog


Innate Abilities, Weirdness & Mutations

You have a beak for a mouth.
You have claws for feet.
You can fly continuously.


Message History

Throwing (i - inventory. (/) - cycle)
f - 166 stones (quivered)
Press: ? - help, Shift-Dir - straight line, f/p - two-headed ogre
Aim: a two-headed ogre, wielding two +0 giant clubs (confused, blind)
You throw a stone. The stone hits the two-headed ogre.
The two-headed ogre is lightly wounded.
The two-headed ogre shouts in stereo!
The two-headed ogre seems less confused.
Throwing (i - inventory. (/) - cycle)
f - 165 stones (quivered)
Press: ? - help, Shift-Dir - straight line, f/p - two-headed ogre
Aim: a two-headed ogre, wielding two +0 giant clubs (lightly wounded, blind)
You throw a stone.
The stone hits the two-headed ogre but does no damage.
The two-headed ogre is lightly wounded.
Unknown command.
You see here 3 atropa-tipped darts.
You slash the two-headed ogre! You claw the two-headed ogre.
The two-headed ogre is moderately wounded.
The two-headed ogre is no longer blind.
The two-headed ogre hits you with a +0 giant club!!
You die...

≈≈≈≈≈......... #...
≈≈≈≈≈≈≈$..... #...
≈≈≈≈≈≈≈≈≈..# #...
≈≈≈≈≈≈≈≈≈≈.# #...
≈...≈≈≈≈≈≈.## #.......
..>.≈≈≈≈≈≈..# #.####.
≈...≈≈≈≈≈≈..# #.# ##.
≈≈≈≈≈≈≈≈≈...# #.# #.
≈≈≈≈≈≈≈@....# #.# #.
≈≈≈≈≈.O(....# #.# #
.......(...######.######
#.#...(.##..............
#.......##..#.###.######
###.....##....# #.# #
#.....##....###.######
########.#............
#.#..###.######


You could see a two-headed ogre.

Vanquished Creatures
  Sigmund (D:3)
  2 ogres
  A centaur (D:5)
  3 big kobolds (Sewer)
  2 scorpions
  A centaur skeleton (D:4)
  3 orc priests (D:3)
  4 orc wizards
  3 worker ants
  Robin (D:2)
  9 adders
  4 gnolls (D:4)
  7 river rats (Sewer)
  2 worms
  3 dart slugs
  3 leopard geckos
  18 orcs
  6 giant cockroaches
  22 goblins
  13 hobgoblins
  4 jackals
  3 quokkas
  5 ball pythons
  6 bats
  6 frilled lizards
  18 kobolds
  20 rats
170 creatures vanquished.

Notes
Turn   | Place    | Note
-------+----------+-------------------------------------------
     0 | D:1      | CanOfBees the Tengu Berserker began the quest for the Orb.
     0 | D:1      | Reached XP level 1. HP: 14/14 MP: 2/2
   289 | D:1      | Reached XP level 2. HP: 19/19 MP: 3/3
   536 | D:1      | Reached XP level 3. HP: 17/23 MP: 4/4
   893 | D:1      | Reached ** piety under Trog
  1188 | D:2      | Noticed Robin
  1197 | D:2      | Killed Robin
  1197 | D:2      | Reached XP level 4. HP: 17/28 MP: 5/5
  2123 | D:2      | Found a faded altar of an unknown god.
  2339 | D:3      | Gained mutation: You can fly continuously. [Tengu growth]
  2339 | D:3      | Reached XP level 5. HP: 11/33 MP: 6/6
  2634 | D:3      | Noticed Sigmund
  2647 | D:3      | Killed Sigmund
  2647 | D:3      | Reached skill level 5 in Long Blades
  2647 | D:3      | Reached XP level 6. HP: 39/39 MP: 7/7
  3092 | D:3      | Reached XP level 7. HP: 31/44 MP: 8/8
  3115 | D:3      | Reached *** piety under Trog
  3254 | D:3      | Reached skill level 5 in Fighting
  3346 | D:3      | Reached skill level 5 in Dodging
  3869 | D:4      | Reached skill level 1 in Throwing
  3954 | D:4      | Found a glowing drain.
  3982 | Sewer    | Entered a sewer
  4066 | Sewer    | Reached XP level 8. HP: 49/50 MP: 9/9
  4099 | Sewer    | Reached **** piety under Trog
  4557 | D:4      | Received a gift from Trog
  4767 | D:4      | Found a shadowy altar of Dithmenos.
  5243 | D:5      | Entered Level 5 of the Dungeon
  5514 | D:5      | Found a bloodstained altar of Trog.
  5657 | D:5      | Noticed a two-headed ogre
  5658 | D:5      | Found a staircase to the Ecumenical Temple.
  5676 | D:5      | Demolished by a two-headed ogre

Levels and vault maps discovered:
D:1:      psy_arrival_whirlpool, layout_loops_ring
D:2:      layout_basic, chequers_ecumenical_altar_grove, uniq_robin
D:3:      layout_loops_ring, minmay_ogre_servants, uniq_sigmund
D:4:      layout_basic, grunt_dithmenos_smoke, first_ration,
          portal_sewer_entry_d, minmay_quadrilaterals
D:5:      layout_basic, old_standard_altar, elyvilon_altar_5,
          nicolae_overflow_hidden_temple, temple_pool_b, minivault_1,
          minmay_pentangle

Skill      XL: |  1  2  3  4  5  6  7  8 |
---------------+-------------------------+-----
Dodging        | 3 4 5 6 |  6.3
Armour         | 3 |  3.0
Long Blades    | 4 5 6 |  6.8
Fighting       | 4 5 6 |  6.2
Throwing       | 1 3 |  3.2

Action                   |  1- 3 |  4- 6 |  7- 9 || total
-------------------------+-------+-------+-------++-------
Melee: Falchion          |    70 |    87 |   202 ||   359
       Peck              |    13 |    16 |    50 ||    79
       Kick              |    13 |    32 |    91 ||   136
Throw: Dart              |       |     4 |     8 ||    12
       Stone             |       |       |     2 ||     2
Invok: Berserk           |     1 |     1 |     2 ||     4
       Trog's Hand       |       |     2 |     1 ||     3
 Abil: Fly               |       |     1 |       ||     1
  Use: Scroll            |       |       |     4 ||     4
       Potion            |       |       |     3 ||     3
 Stab: Invisible         |       |     1 |       ||     1
  Eat: Chunk             |     1 |     8 |    11 ||    20
Armor: Animal skin       |     3 |       |       ||     3
       Ring mail         |    11 |       |       ||    11
       Scale mail        |    12 |    27 |    65 ||   104
Dodge: Dodged            |    58 |    52 |   165 ||   275
       Rpst.: Falchion   |    16 |    15 |    52 ||    83

Table legend:
 A = Non-vault XP
 B = Vault XP
 C = Vault XP percentage of total XP
 D = Non-vault monster count
 E = Vault monster count
 F = Vault count percentage of total count
                 A         B        C        D         E       F
            +---------+---------+-------+---------+---------+-------
      Total |     969 |     976 |  50.2 |      91 |      79 |  46.5
            +---------+---------+-------+---------+---------+-------
        D:1 |      45 |       0 |   0.0 |      23 |       0 |   0.0
        D:2 |      55 |      38 |  40.9 |      11 |      13 |  54.2
        D:3 |     277 |     360 |  56.5 |      31 |      10 |  24.4
        D:4 |     483 |      19 |   3.8 |      24 |       4 |  14.3
        D:5 |     109 |     112 |  50.7 |       2 |       4 |  66.7
      Sewer |       0 |     447 | 100.0 |       0 |      48 | 100.0
            +---------+---------+-------+---------+---------+-------
